 Dungeon Crawl Stone Soup version 0.29.1-12-g30fa7ad0bf (webtiles) character file.

Game seed: 2559164915539116202

4914 mampy3000 the Cleaver (level 10, -2/90 HPs)
             Began as a Minotaur Berserker on Dec 29, 2022.
             Was a Priest of Trog.
             Shot with an arrow by a centaur warrior (19 damage)
             ... on level 7 of the Dungeon.
             The game lasted 00:22:27 (7111 turns).

mampy3000 the Cleaver (Minotaur Berserker)          Turns: 7111, Time: 00:22:28

Health: -2/90      AC: 12    Str: 26    XL:     10   Next: 27%
Magic:  9/9        EV: 25    Int:  4    God:    Trog [***...]
Gold:   360        SH:  0    Dex: 10    Spells: 9/9 levels left

rFire   . . .      SeeInvis +   J - +3 war axe
rCold   + . .      Faith    .   (no shield)
rNeg    . . .      Spirit   .   F - +0 chain mail
rPois   .          Reflect  .   m - +0 hat
rElec   .          Harm     .   (no cloak)
rCorr   .          Rampage  .   (no gloves)
Will    .....                   o - +0 pair of boots
Stlth   ..........              x - amulet of the acrobat
HPRegen 0.25/turn               e - ring of see invisible
MPRegen 0.11/turn               h - ring of protection from cold

@: acrobatic, studying Stealth
A: horns 2, retaliatory headbutt
a: Renounce Religion, Berserk, Trog's Hand


You were on level 7 of the Dungeon.
You worshipped Trog.
Trog was most pleased with you.
You visited 1 branch of the dungeon, and saw 7 of its levels.

You collected 360 gold pieces.

Inventory:

Hand Weapons
 y - a +1 hand axe of electrocution
 B - a +2 glaive of venom
 J - a +3 war axe (weapon)
Missiles
 w - a throwing net (quivered)
 z - 6 boomerangs
Armour
 a - a +0 scale mail
 i - a +0 ring mail
 m - a +0 hat (worn)
 o - a +0 pair of boots (worn)
 F - a +0 chain mail (worn)
Jewellery
 e - a ring of see invisible (left hand)
 h - a ring of protection from cold (right hand)
 p - a ring of magical power
 x - an amulet of the acrobat (around neck)
 H - a +4 ring of evasion
 I - a ring of ice
Scrolls
 g - 6 scrolls of identify
 l - 3 scrolls of immolation
 n - a scroll of summoning {unknown}
 q - 3 scrolls of fear {unknown}
 u - 4 scrolls of teleportation
 v - a scroll of silence {unknown}
 A - a scroll of magic mapping
 C - a scroll of blinking
 D - 2 scrolls of torment {unknown}
 E - a scroll of enchant armour {unknown}
Potions
 b - 2 potions of mutation {unknown}
 c - a potion of degeneration {unknown}
 d - 3 potions of curing
 f - 3 potions of haste
 j - 2 potions of brilliance {unknown}
 k - 2 potions of resistance {unknown}
 r - a potion of invisibility {unknown}
 s - a potion of flight {unknown}
 t - 2 potions of heal wounds {unknown}
 G - a potion of lignification {unknown}


   Skills:
 + Level 8.5 Fighting
 + Level 12.4 Axes
 + Level 9.4 Armour
 + Level 5.9 Dodging
 + Level 2.4 Stealth


You had 9 spell levels left.
You didn't know any spells.
Your spell library was empty.

Dungeon Overview and Level Annotations

Branches:
Dungeon (7/15)
 Temple: D:4-7

Altars:
Ashenzari
Hepliaklqana
Makhleb
Nemelex Xobeh
Ru
Xom
The Shining One

Shops:
D:1 !   D:2 =

Annotations:
D:4 2 transporters, mampy3000's ghost, amateur MiBe
D:6 2 transporters
D:7 1 transporter


Innate Abilities, Weirdness & Mutations

You have a pair of horns on your head.
You reflexively headbutt those who attack you in melee.


Message History

You slash the troll! You headbutt the troll!
The troll is almost dead.
The troll barely misses you. The troll claws you but does no damage.
The troll barely misses you.
You slice the troll!!
You kill the troll!
Trog accepts your kill.
You see here a troll corpse.
An orc warrior comes into view. It is wielding a +0 hand axe.
The orc warrior throws a javelin.
The javelin closely misses you. The orc warrior closely misses you.
You barely miss the orc warrior. You headbutt the orc warrior!
The orc warrior is moderately wounded.
The orc warrior hits you with a +0 hand axe.
You slash the orc warrior!
The orc warrior is severely wounded.
The orc warrior misses you. You furiously retaliate!
You headbutt the orc warrior. You slash the orc warrior!
You kill the orc warrior!
Trog accepts your kill.
A centaur warrior comes into view. It is wielding a +0 club.
The centaur warrior unwields a +0 club.
The centaur warrior wields a +0 shortbow.
The centaur warrior shoots an arrow.
The arrow hits you!!
The centaur warrior shoots an arrow.
The arrow completely misses you.
You hear an angry hiss.
Items here: ( ) [ †.
You see here a troll corpse.
The centaur warrior shoots an arrow.
The arrow hits you.
You hear a shout!
The centaur warrior shoots an arrow.
The arrow misses you.
The centaur warrior shoots an arrow.
The arrow misses you.
The centaur warrior shoots an arrow.
The arrow hits you!!
* * * LOW HITPOINT WARNING * * *
The centaur warrior shoots an arrow.
The arrow completely misses you.
The centaur warrior shoots an arrow.
The arrow completely misses you.
The centaur warrior shoots an arrow.
The arrow closely misses you.
The centaur warrior shoots an arrow.
The arrow hits you!!
You die...

#♣.#.♣#♣.♣.♣#:.#...♣ .#
#(~~~}#♣.♣.♣#..#...♣♣♣##.c.#
#.~~~....♣.♣#')#)..♣.c...#
#)~~~)#♣.♣.♣#......♣)♣
#♣.#.♣#♣.♣.♣#####♣.♣.♣ ♣♣.♣♣
♣.♣.♣♣♣♣♣♣♣.♣.♣
#♣.~.♣#♣.♣...).....♣.♣
#.~~~.#♣.♣♣♣♣♣♣♣♣♣♣♣†♣
#♣.~.♣#♣...@......c..♣ ♣♣.♣♣
♣♣♣♣♣♣♣.♣♣♣♣♣♣♣ ### ♣.♣ ...
..... ♣.♣♣ ...~... ♣..
♣.......♣ ♣.♣♣ ♣♣.....♣♣
############


You could see a centaur warrior.

Vanquished Creatures
  A skeletal warrior (D:7)
  Pikel (D:4)
  An unseen horror (D:7)
  An efreet (D:7)
  The ghost of wormed the Slasher, a novice TeGl (D:5)
  A troll (D:7)
  Sigmund (D:4)
  A shadow (D:7)
  A steam dragon (D:7)
  5 ice beasts
  An orc warrior (D:7)
  2 sky beasts (D:7)
  An ogre (D:6)
  3 centaurs
  A lemure (D:4)
  A phantom (D:4)
  Blork the orc (D:4)
  2 kobold brigands (D:7)
  4 scorpions
  A wyvern simulacrum (D:7)
  A gnoll bouda (D:7)
  A jelly (D:4)
  2 orc priests (D:5)
  5 hounds
  Jessica (D:2)
  4 iguanas
  8 orc wizards
  5 adders
  14 gnolls
  A shadow imp (D:7)
  A white imp (D:5)
  An ufetubus (D:5)
  A worm (D:4)
  A dart slug (D:1)
  17 orcs
  11 endoplasms
  3 giant cockroaches
  5 goblins
  2 hobgoblins
  4 jackals (D:4)
  4 quokkas
  4 ball pythons
  12 bats
  5 frilled lizards
  11 kobolds
  5 rats
160 creatures vanquished.

Vanquished Creatures (others)
  8 plants (D:7)
8 creatures vanquished.

Grand Total: 168 creatures vanquished

Notes
Turn   | Place    | Note
-------+----------+-------------------------------------------
     0 | D:1      | mampy3000 the Minotaur Berserker began the quest for the
                  | Orb.
     0 | D:1      | Reached XP level 1. HP: 19/19 MP: 0/0
   129 | D:1      | Reached skill level 4 in Axes
   129 | D:1      | Reached XP level 2. HP: 18/27 MP: 1/1
   235 | D:1      | Found Zauq Ynk's Distillery.
   537 | D:1      | Reached XP level 3. HP: 31/33 MP: 2/2
   574 | D:1      | Found a faded altar of an unknown god.
   667 | D:1      | Reached ** piety under Trog
   876 | D:2      | Noticed Jessica
   884 | D:2      | Killed Jessica
   919 | D:2      | Reached XP level 4. HP: 40/41 MP: 3/3
  1192 | D:2      | Found Kiocw's Jewellery Shop.
  1416 | D:2      | Reached skill level 5 in Axes
  1624 | D:3      | Found a hazy altar of Hepliaklqana.
  1803 | D:3      | Reached XP level 5. HP: 25/47 MP: 4/4
  2704 | D:4      | Found a shimmering altar of Xom.
  2711 | D:4      | Found a broken altar of Ashenzari.
  2757 | D:4      | Noticed Blork the orc
  2762 | D:4      | Killed Blork the orc
  2763 | D:4      | Reached skill level 5 in Fighting
  2763 | D:4      | Reached skill level 6 in Axes
  2763 | D:4      | Reached XP level 6. HP: 56/56 MP: 5/5
  2770 | D:4      | Noticed Sigmund
  2781 | D:4      | Killed Sigmund
  2872 | D:4      | Found a transporter.
  2872 | D:4      | Noticed mampy3000's ghost (amateur MiBe)
  3065 | D:4      | Reached XP level 7. HP: 32/61 MP: 6/6
  3070 | D:4      | Reached skill level 5 in Armour
  3108 | D:4      | Found a transporter.
  3372 | D:4      | Reached skill level 7 in Axes
  3414 | D:4      | Found a burning altar of Makhleb.
  3414 | D:4      | Found a glowing golden altar of the Shining One.
  3750 | D:4      | Noticed Pikel
  3764 | D:4      | Killed Pikel
  3765 | D:4      | Reached skill level 8 in Axes
  3765 | D:4      | Reached skill level 5 in Dodging
  3765 | D:4      | Reached skill level 1 in Stealth
  3765 | D:4      | Reached XP level 8. HP: 70/70 MP: 7/7
  3886 | D:4      | Found a sparkling altar of Nemelex Xobeh.
  4093 | D:5      | Entered Level 5 of the Dungeon
  4697 | D:5      | Reached *** piety under Trog
  4698 | D:5      | Reached skill level 9 in Axes
  5260 | D:5      | Found a runed translucent door.
  5260 | D:5      | Noticed wormed's ghost (novice TeGl)
  5279 | D:5      | Killed wormed's ghost
  5280 | D:5      | Reached XP level 9. HP: 78/78 MP: 8/8
  5461 | D:6      | Reached skill level 10 in Axes
  5510 | D:6      | Found a transporter.
  5514 | D:6      | Noticed a kobold demonologist
  5528 | D:6      | Found a transporter.
  5806 | D:6      | Found a sacrificial altar of Ru.
  6312 | D:7      | Reached skill level 11 in Axes
  6374 | D:7      | Found a transporter.
  6659 | D:7      | Noticed an efreet
  6668 | D:7      | Killed an efreet
  6936 | D:7      | Noticed a skeletal warrior
  6951 | D:7      | Killed a skeletal warrior
  6952 | D:7      | Reached skill level 12 in Axes
  6952 | D:7      | Reached XP level 10. HP: 88/88 MP: 9/9
  7097 | D:7      | Noticed a centaur warrior
  7111 | D:7      | Shot with an arrow by a centaur warrior

Illustrated notes

Levels and vault maps discovered:
D:1:      tarquinn_simple_flora_water_d, layout_rooms, serial_shops,
          shop_fountains, ebering_ecumenical_altar_box
D:2:      layout_basic, serial_shops, nicolae_shop_hallway_stairs, uniq_jessica
D:3:      layout_loops_ring, mainiacjoe_overflow_chevrons,
          kennysheep_generic_room_5
D:4:      layout_loops_ring, nemelex_diamond_rough_becter, jmf_multi_god_temple,
          gammafunk_temple_overflow_pools, gammafunk_ghost_stat_death,
          minmay_manual_mares, uniq_sigmund, uniq_blork_the_orc, uniq_pikel
D:5:      layout_basic, ebering_ghost_inner_flame
D:6:      gammafunk_wand_slinger, layout_basic, hangedman_ru_absence,
          minmay_temple_entry_mini_moons, dreamdust_princess_bridge
D:7:      nzn_winding_woodlands_large [nzn_winding_woodlands_5x5_three,
          nzn_winding_woodlands_5x15_longhouse, nzn_winding_woodlands_hourglass,
          nzn_winding_woodlands_center_triple_pond,
          nzn_winding_woodlands_15x15_boxy_spiral,
          nzn_winding_woodlands_center_pierced_h,
          nzn_winding_woodlands_5x5_perimeter,
          nzn_winding_woodlands_5x15_garden, nzn_winding_woodlands_5x5_cross],
          layout_rooms, gammafunk_ghost_smash, wad_floor_pattern_untrapped

Skill      XL: |  1  2  3  4  5  6  7  8  9 10 |
---------------+-------------------------------+-----
Axes           | 4 5 6 8 9 12 | 12.4
Fighting       | 4 5 6 8 |  8.5
Dodging        | 3 4 5 |  5.9
Armour         | 3 4 6 7 8 9 |  9.4
Stealth        | 1 2 |  2.4

Action                   |  1- 3 |  4- 6 |  7- 9 | 10-12 || total
-------------------------+-------+-------+-------+-------++-------
Melee: Hand axe          |    46 |   133 |   219 |       ||   398
       Headbutt          |     3 |    17 |    37 |     2 ||    59
       Punch             |       |     1 |     2 |       ||     3
       War axe           |       |       |       |    17 ||    17
Invok: Berserk           |     1 |     3 |     9 |       ||    13
       Trog's Hand       |       |     3 |     3 |       ||     6
  Use: Scroll            |     3 |     3 |     2 |       ||     8
       Potion            |       |       |     1 |       ||     1
Armor: Animal skin       |     1 |       |       |       ||     1
       Ring mail         |    15 |    45 |    30 |       ||    90
       Scale mail        |       |       |    17 |       ||    17
       Chain mail        |       |       |    37 |    10 ||    47
Dodge: Dodged            |    38 |    85 |   141 |    28 ||   292
